 Dungeon Crawl Stone Soup version 0.28-a0-1213-g0243856f03 (webtiles) character file.

Game seed: 15108739989865883423

107 siradein the Skirmisher (level 4, -7/48 HPs)
             Began as an Ogre Gladiator on Dec 21, 2021.
             Mangled by an iguana (12 damage)
             ... on level 4 of the Dungeon.
             The game lasted 00:03:44 (3885 turns).

siradein the Skirmisher (Ogre Gladiator)            Turns: 3885, Time: 00:03:44

Health: -7/48      AC:  3    Str: 20    XL:     4   Next: 86%
Magic:  4/4        EV:  7    Int:  9    God:
Gold:   131        SH:  8    Dex: 10    Spells: 3/3 levels left

rFire   . . .      SeeInvis .   a - +0 flail
rCold   . . .      Faith    .   k - +2 kite shield
rNeg    . . .      Spirit   .   b - +0 robe
rPois   .          Reflect  .   (helmet restricted)
rElec   .          Harm     .   (no cloak)
rCorr   .          Rampage  .   (gloves unavailable)
Will    .....                   (boots unavailable)
Stlth   +.........              (no amulet)
HPRegen 0.16/turn               (no ring)
MPRegen 0.09/turn               (no ring)

@: no status effects
A: large, unfitting armour, tough skin 1
a: no special abilities


You were on level 4 of the Dungeon.
You visited 1 branch of the dungeon, and saw 4 of its levels.

You collected 131 gold pieces.

Inventory:

Hand Weapons
 a - a +0 flail (weapon)
Missiles
 d - 3 throwing nets (quivered)
Armour
 b - a +0 robe (worn)
 k - a +2 kite shield (worn)
Wands
 q - a wand of iceblast (10)
Scrolls
 c - a scroll of teleportation
 f - a scroll of acquirement {unknown}
 g - 2 scrolls of vulnerability
 i - 4 scrolls of identify {unknown}
 j - a scroll of silence {unknown}
 l - a scroll of fear {unknown}
 o - a scroll of magic mapping {unknown}
Potions
 e - a potion of flight {unknown}
 h - a potion of cancellation {unknown}
 m - 2 potions of curing {unknown}
 n - a potion of mutation {unknown}
 p - a potion of brilliance {unknown}
 r - a potion of degeneration {unknown}


   Skills:
 + Level 3.9 Fighting
 + Level 3.3 Maces & Flails
 + Level 2.8 Throwing
 + Level 3.3 Dodging
 + Level 0.5 Shields


You had 3 spell levels left.
You didn't know any spells.
Your spell library was empty.

Dungeon Overview and Level Annotations

Branches:
Dungeon (4/15)
 Temple: D:4-7

Altars:
Gozag
Xom

Annotations:
D:3 3 runed translucent doors, leviel's ghost, amateur HOFi


Innate Abilities, Weirdness & Mutations

You are too large for most types of armour.
You have tough skin. (AC +1)


Message History

Leviel's ghost turns its malevolent gaze towards you.
The hobgoblin shouts!
Key pressed, stopping explore.
Could not explore, unopened runed door.
Could not explore, unopened runed door.
(D) Dungeon
Where to? (Enter - D:3, ? - help)
What level of the Dungeon? (default 1, ? - help)
The iguana hisses menacingly.
There is a stone staircase leading down here.
You climb downwards.
Found four items.
There is a stone staircase leading up here.
An iguana is nearby!
You barely miss the iguana. The iguana bites you!
You barely miss the iguana. The iguana bites you!
You barely miss the iguana. The iguana bites you!
You block the iguana's attack.
You are too injured to fight recklessly!
You are too injured to fight recklessly!
You are too injured to fight recklessly!
You hit the iguana but do no damage.
A goblin comes into view. It is wielding a +0 dagger.
The iguana barely misses you. x2
You closely miss the iguana. The iguana bites you!
* * * LOW HITPOINT WARNING * * *
You barely miss the iguana. The iguana closely misses you.
The iguana barely misses you.
You hit the iguana but do no damage. The goblin hits you but does no damage.
The iguana bites you.
* * * LOW HITPOINT WARNING * * *
You hit the iguana but do no damage. The goblin hits you but does no damage.
You block the iguana's attack. The goblin hits you with a +0 dagger.
* * * LOW HITPOINT WARNING * * *
The iguana bites you.
* * * LOW HITPOINT WARNING * * *
You sock the iguana!
The iguana is severely wounded.
You block the goblin's attack. The iguana bites you!
You die...

.. ..[.##...!
#.##........##
#..#.........#
.............
...........
#.......
#..###...#
#.....<@l#
#......g....#
..!.......#..#
.....##...#
.... .....
..... ... ####
###.... ..
.?.... .
....^..


You could see an iguana and a goblin.

Vanquished Creatures
  3 gnolls (D:3)
  An adder (D:2)
  A worm (D:3)
  5 ball pythons
  6 endoplasms
  5 giant cockroaches
  4 goblins
  5 hobgoblins
  3 jackals
  2 quokkas
  11 bats
  3 frilled lizards
  7 kobolds
  4 rats
60 creatures vanquished.

Notes
Turn   | Place    | Note
-------+----------+-------------------------------------------
     0 | D:1      | siradein the Ogre Gladiator began the quest for the Orb.
     0 | D:1      | Reached XP level 1. HP: 22/22 MP: 1/1
   153 | D:1      | Reached XP level 2. HP: 29/29 MP: 2/2
   663 | D:1      | Reached XP level 3. HP: 8/37 MP: 3/3
  2053 | D:2      | Reached XP level 4. HP: 38/46 MP: 4/4
  2643 | D:3      | Found a faded altar of an unknown god.
  2686 | D:3      | Found a runed translucent gate.
  2687 | D:3      | Found a runed translucent gate.
  2687 | D:3      | Found a runed translucent gate.
  2688 | D:3      | Found an opulent altar of Gozag.
  2689 | D:3      | Noticed a phantom
  2689 | D:3      | Noticed leviel's ghost (amateur HOFi)
  2690 | D:3      | Noticed a phantom
  2747 | D:3      | Found a shimmering altar of Xom.
  3885 | D:4      | Mangled by an iguana

Illustrated notes

Levels and vault maps discovered:
D:1:      evilmike_arrival_hilbert_curve, layout_basic, minmay_misc_feat_x
D:2:      layout_basic
D:3:      layout_loops_ring, brannock_xom_greatest_gift, ebering_ghost_gozag,
          shapermc_ecumenical_altar_venn, minmay_vboxes
D:4:      layout_cave_pools, dk_yredelemnul_ordeal,
          mainiacjoe_overflow_alcove_1, serial_shops, shop, wad_orctagon

Skill      XL: |  1  2 |
---------------+-------+-----
Fighting       | 3 |  3.9
Maces & Flails | 3 |  3.3
Dodging        | 3 |  3.3
Throwing       | |  2.8
Shields        | |  0.5

Action                   |  1- 3 |  4- 6 || total
-------------------------+-------+-------++-------
Melee: Flail             |   144 |    87 ||   231
  Use: Scroll            |     2 |       ||     2
 Stab: Sleeping          |     3 |       ||     3
Armor: Robe              |    77 |    25 ||   102
Dodge: Dodged            |    99 |    39 ||   138
Block: Kite shield       |    17 |    38 ||    55

Table legend: (Time is in decaauts)
 A = Elapsed time spent in this place.
 B = Non-inter-level travel time spent in this place.
 C = Inter-level travel time spent in this place.
 D = Time resting spent in this place.
 E = Time spent auto-exploring this place.
 F = Levels seen in this place.
 G = Mean time per level.
                   A        B        C        D        E       F      G
               +--------+--------+--------+--------+--------+-----+--------+
         Total |   3976 |   3898 |     78 |      0 |   3301 |   4 |  994.0 |
       Dungeon |   3976 |   3898 |     78 |      0 |   3301 |   4 |  994.0 |
               +--------+--------+--------+--------+--------+-----+--------+

Top non-repeatable levels by time:
     D:2: 1356 daAuts
     D:1: 1329 daAuts
     D:3: 1276 daAuts
     D:4: 14 daAuts
